 Dungeon Crawl Stone Soup version 0.25.1-1-g288607f5aa (webtiles) character file.

Game seed: 13959505671321884509

124 Descartes the Sneak (level 4, 0/19 HPs)
             Began as a Felid Enchanter on July 19, 2020.
             Slain by a hound (1 damage)
             ... on level 6 of the Dungeon.
             The game lasted 00:07:58 (3743 turns).

Descartes the Sneak (Felid Enchanter)               Turns: 3743, Time: 00:07:58

Health: 0/19       AC:  1    Str:  5    XL:     4   Next: 81%
Magic:  5/8        EV: 21    Int: 16    God:
Gold:   103        SH:  0    Dex: 17    Spells: 3/7 levels left
                                        Lives:  0   Deaths: 1

rFire    . . .     SeeInvis +     - Unarmed
rCold    . . .     Gourm    .   (shield unavailable)
rNeg     . . .     Faith    .   (armour unavailable)
rPois    .         Spirit   .   (helmet unavailable)
rElec    .         Reflect  .   (cloak unavailable)
rCorr    .         Harm     .   (gloves unavailable)
MR       .....                  (boots unavailable)
Stlth    ++++......             (no amulet)
HPRegen  0.06/turn              (no ring)
MPRegen  0.11/turn              (no ring)

@: very slightly contaminated, slowed, slow
A: very small, no armour, no weapons or thrown items, stealth, claws 1, fangs 3,
see invisible, carnivore, speed 1, shaggy fur 1, slow metabolism 1, sharp paws
a: no special abilities


You were on level 6 of the Dungeon.
You were not hungry.

You visited 1 branch of the dungeon, and saw 4 of its levels.

You collected 103 gold pieces.

Inventory:

Wands
 c - a wand of iceblast (8)
Scrolls
 e - 2 scrolls of fear {unknown}
 f - a scroll of immolation {unknown}
 g - 5 scrolls of identify {unknown}
 h - 4 scrolls of remove curse {unknown}
 i - a scroll of magic mapping {unknown}
 k - a scroll of amnesia {unknown}
Potions
 a - a potion of curing
 d - 2 potions of flight {unknown}
Comestibles
 b - 5 rations


   Skills:
 + Level 1.5 Fighting
 - Level 6.0 Dodging
 - Level 6.0 Stealth
 + Level 2.0 Unarmed Combat
 + Level 2.0 Spellcasting
 + Level 4.5 Hexes


You had 3 spell levels left.
You knew the following spells:

 Your Spells              Type           Power        Failure   Level  Hunger
a - Corona                Hex            ###....      3%          1    #......
b - Confusing Touch       Hex            ###.....     10%         3    ###....

Your spell library contained the following spells:

 Spells                   Type           Power        Failure   Level  Hunger
 Tukima's Dance           Hex            ###.....     10%         3    ###....
 Ensorcelled Hibernation  Hex/Ice        #.....       12%         2    ###....
 Dazzling Flash           Conj/Hex       #.....       24%         3    ###....


Dungeon Overview and Level Annotations

Branches:
Dungeon (6/15)
 Temple: D:4-7

Altars:
Nemelex Xobeh


Innate Abilities, Weirdness & Mutations

You cannot wear armour.
You are incapable of wielding weapons or throwing items.
Your paws allow you to move quietly. (Stealth)
You have sharp claws.
You have razor-sharp teeth.
You have supernaturally acute eyesight. (SInv)
You are carnivorous and can eat meat at any time.
You cover ground quickly.
You are covered in fur. (AC +1)
You have a slow metabolism.
Your sharp claws are effective at attacking unaware monsters.


Message History

You scratch the hound.
The hound is heavily wounded.
The hound misses you.
You closely miss the hound. You bite the hound, but do no damage.
The hound is heavily wounded.
The hound completely misses you. The hound bites you.
* * * LOW HITPOINT WARNING * * *
Casting: Confusing Touch (extremely dangerous; 10% risk of failure)
Confirm with . or Enter, or press ? or * to list all spells.
The spell is extremely dangerous to cast (10% risk of failure)!
Continue anyway?
You miscast Confusing Touch.
You are very lightly contaminated with residual magic.
The light around you dims momentarily.
You feel yourself slow down. The hound closely misses you.
You completely miss the hound.
The hound is heavily wounded.
The hound bites you.
* * * LOW HITPOINT WARNING * * *
The hound bites you.
You die...

# ## ## ## ##### ##
## #....# ##
..##....## ##
.........# ##
..#......############
⌠#
....##..5.Sh@...##.#
##
#.......######.#..#
## ..####....##
#....# ##
#..........# ##...#
## #..[.........#
#...# ##
##.........#.# #...#
## #....##....#.#
#.#.# ## ..... .5#.##
. #..#.# # #...
...... .##..#.#


You could see a hound, a crimson imp and an adder.

Vanquished Creatures
  Sigmund (D:2)
  A shadow imp (D:6)
  An ooze (D:3)
  A dart slug (D:1)
  2 leopard geckos (D:2)
  An orc (D:6)
  8 bats
  2 giant cockroaches
  10 goblins
  9 hobgoblins
  5 jackals (D:1)
  5 kobolds
  A ball python (D:2)
  A frilled lizard (D:2)
  5 rats
53 creatures vanquished.

Notes
Turn   | Place    | Note
-------+----------+-------------------------------------------
     0 | D:1      | Descartes the Felid Enchanter began the quest for the Orb.
     0 | D:1      | Reached XP level 1. HP: 7/7 MP: 4/4
   260 | D:1      | Reached XP level 2. HP: 3/11 MP: 6/6
   275 | D:1      | Reached skill level 5 in Stealth
  1367 | D:1      | Reached XP level 3. HP: 14/14 MP: 7/7
  2659 | D:2      | Noticed Sigmund
  2716 | D:2      | Killed Sigmund
  2716 | D:2      | Reached skill level 1 in Fighting
  2716 | D:2      | Reached XP level 4. HP: 19/19 MP: 8/8
  2716 | D:2      | Reached XP level 5. HP: 22/22 MP: 9/9
  2982 | D:2      | Learned a level 3 spell: Confusing Touch
  3043 | D:3      | You fall into a shaft and drop 3 floors!
  3664 | D:6      | Found a sparkling altar of Nemelex Xobeh.
  3704 | D:6      | Mangled by a bullfrog
  3705 | D:6      | Reached XP level 4. HP: -6/19 MP: 6/8
  3743 | D:6      | Slain by a hound

Illustrated notes

Levels and vault maps discovered:
D:1:      noname_arrival_rooms_in_the_neighbourhood, layout_basic
D:2:      layout_loops_ring, uniq_sigmund
D:3:      layout_basic, dancing_weapons_uskayaw, goddamned_bats
D:6:      layout_rooms, nemelex_altar_shiori, serial_curves, eino_curves_03,
          eino_curves_01, serial_shops, shop

Skill      XL: |  1  2  3  4  5 |
---------------+----------------+-----
Stealth        | 5 6 |  6.0
Dodging        | 6 |  6.0
Fighting       | 1 |  1.5
Unarmed Combat | 2 |  2.0
Spellcasting   | |  2.0
Hexes          | |  4.5

Action                   |  1- 3 |  4- 6 || total
-------------------------+-------+-------++-------
Melee: Unarmed           |   197 |    53 ||   250
       Bite              |    14 |    10 ||    24
       Punch             |     2 |     1 ||     3
 Cast: Confusing Touch   |       |     1 ||     1
  Use: Potion            |     4 |       ||     4
 Stab: Sleeping          |    13 |     2 ||    15
  Eat: Chunk             |    11 |     1 ||    12
Armor: Skin              |    12 |       ||    12
Dodge: Dodged            |   168 |    50 ||   218
